 Dungeon Crawl Stone Soup version 0.31-a0-700-gf13585253f (webtiles) character file.

Game seed: 2082488805974911178

82060 cforsyth the Warrior (level 16, -3/120 HPs)
             Began as a Djinni Chaos Knight on Sept 7, 2023.
             Was a High Priest of Hepliaklqana.
             Slain by bahustanut's ghost (32 damage)
             ... on level 10 of the Dungeon on Sept 8, 2023.
             The game lasted 00:54:23 (27808 turns).

cforsyth the Warrior (Djinni Chaos Knight)         Turns: 27808, Time: 00:54:23

Health: -3/120     AC: 14    Str: 13    XL:     16   Next: 20%
Gold:   1928       EV: 10    Int: 23    God:    Hepliaklqana [*****.] SH: 11 Dex: 18

rFire   + . .        C - +8 hand axe of the Valley of Death {flame, Str+3}
rCold   . . .        G - +0 kite shield
rNeg    + . .        K - +4 Cigotuvi's embrace {Corpsefed rMiasma Drain rN+}
rPois   ∞            H - +2 hat {Int+3}
rElec   .            R - +0 cloak
rCorr   .            (no gloves)
SInv    .            (boots unavailable)
Will    ++...        d - amulet of regeneration
Stlth   +            J - ring of ice
HPRegen 1.20/turn    P - +4 ring of protection
MPRegen 0.00/turn

%: clarity, infuse magic (-4 HP)
@: flying
A: reduced essence, sickness immunity, fire resistance 2, cold vulnerability 1,
float, innate caster, HP casting, extra vitality 1, agile 1, clarity,
strong-willed 1, mutation resistance 1, noise suppression
a: Renounce Religion, Recall Ancestor, Ancestor Identity, Transference, Idealise


You were on level 10 of the Dungeon.
You worshipped Hepliaklqana.
Hepliaklqana was extremely pleased with you.
You visited 4 branches of the dungeon, and saw 19 of its levels.
You also visited: Bailey.

You collected 2656 gold pieces.
You spent 728 gold pieces at shops.

Inventory:

Hand Weapons
 C - the +8 hand axe of the Valley of Death (weapon) {flame, Str+3}
   (You found it on level 7 of the Dungeon)

   Str+3:     It affects your strength (+3).
Missiles
 r - a throwing net
Armour
 b - a +3 leather armour
 y - the +0 leather armour of Fortitude {rF++ rN+ Slay+2}
   (You found it on level 8 of the Dungeon)

   Slay+2:    It affects your accuracy & damage with ranged weapons and melee
   (+2).
   rF++:      It greatly protects you from fire.
   rN+:       It protects you from negative energy.
 G - a +0 kite shield (worn)
 H - a +2 hat of intelligence (worn)
 K - the +4 Cigotuvi's embrace (worn) {Corpsefed rMiasma Drain rN+}
   (You found it on level 3 of the Dungeon)

   Corpsefed: It gathers nearby corpses to temporarily increase the armour it
   provides.
   rMiasma:   It protects you from foul pestilence.
   rN+:       It protects you from negative energy.
   Drain:     It drains your maximum health when unequipped.
 R - a +0 cloak (worn)
Jewellery
 d - an amulet of regeneration (around neck)
 k - a ring of willpower
 z - a ring of protection from fire
 I - a ring of see invisible
 J - a ring of ice (left hand)
 N - a +4 ring of protection
 P - a +4 ring of protection (right hand)
Wands
 x - a wand of flame (24)
 D - a wand of mindburst (14)
 M - a wand of iceblast (11)
Scrolls
 a - a scroll of enchant weapon {unknown}
 c - 2 scrolls of immolation {unknown}
 m - a scroll of poison {unknown}
 o - 2 scrolls of noise
 p - a scroll of blinking
 w - 5 scrolls of enchant armour
 A - 2 scrolls of teleportation
 F - a scroll of revelation
 O - 3 scrolls of fog {unknown}
 Q - a scroll of vulnerability {unknown}
Potions
 e - 4 potions of attraction
 f - 5 potions of haste
 g - a potion of brilliance {unknown}
 h - 4 potions of enlightenment
 i - 5 potions of curing
 j - 3 potions of cancellation
 l - 3 potions of berserk rage {unknown}
 n - a potion of lignification {unknown}
 q - 2 potions of resistance
 s - 2 potions of heal wounds
 t - 2 potions of invisibility {unknown}
 v - a potion of mutation
 B - a potion of might
 E - 2 potions of ambrosia


   Skills:
 + Level 18.7 Fighting
 - Level 2.6 Long Blades
 - Level 1.0 Armour
 - Level 2.1 Dodging
 - Level 8.0 Shields
 + Level 13.8 Spellcasting
 + Level 13.8 Conjurations
 + Level 13.8 Hexes
 + Level 13.8 Summonings
 + Level 13.8 Necromancy
 + Level 13.8 Translocations
 + Level 13.8 Transmutations
 + Level 13.8 Fire Magic
 + Level 13.8 Ice Magic
 + Level 13.8 Air Magic
 + Level 13.8 Earth Magic
 + Level 13.8 Poison Magic


You knew the following spells:

 Your Spells              Type           Power      Damage    Failure   Level
a - Summon Small Mammal   Summ           100%       N/A       1%          1
b - Scorch                Fire           100%       2d9       1%          2
c - Blink                 Tloc           100%       N/A       1%          2
d - Dazzling Flash        Conj/Hex       100%       N/A       1%          3
e - Cause Fear            Hex            34%        N/A       1%          4
f - Silence               Hex/Air        34%        N/A       1%          5
g - Conjure Ball Lightni  Conj/Air       34%        3x3d11    7%          6
Your spell library was empty.

Dungeon Overview and Level Annotations

Branches:
Dungeon (11/15)            Temple (1/1) D:4            Lair (5/5) D:8
 Shoals (0/4) Lair:3       Spider (0/4) Lair:3        Slime (0/5) Lair:5
    Orc (2/2) D:9             Elf (0/3) Orc:2        Bailey (visited)

Altars:
Ashenzari
Cheibriados
Dithmenos
Elyvilon
Fedhas
Gozag
Hepliaklqana
Makhleb
Nemelex Xobeh
Okawaru
Qazlal
Ru
Trog
Uskayaw
Wu Jian
Xom
Yredelemnul
Zin
The Shining One
Jiyva
Lugonu

Shops:
D:2 =   D:5 !   D:10 *   Orc:2 ?[?(

Portals:
Abyss: D:4 Lair:5

Annotations:
D:10 bahustanut's ghost, journeyman OgGl


Innate Abilities, Weirdness & Mutations

Your life essence is reduced to manifest your ancestor. (-10% HP)
You are immune to sickness and miasma.
You are immune to poison.
Your flesh is very heat resistant. (rF++)
You are vulnerable to cold. (rC-)
You float through the air rather than walking.
You learn spells naturally, not from books.
Your magical power is your life essence.
You have superior vitality. (+4 MHP)
You are agile. (Dex +4, Str/Int -1)
You possess an exceptional clarity of mind.
You are strong-willed. (Will+)
You are somewhat resistant to further mutation.
You passively dampen the noise of your surroundings.


Message History

The basilisk is heavily wounded.
The basilisk's fire resistance burns away.
Bahustanut's ghost is no longer more vulnerable to fire.
Nomusa blocks the basilisk's attack.
The great orb of eyes closely misses Nomusa.
Nomusa hits the great orb of eyes with a +0 broad axe of flaming!
Nomusa burns the great orb of eyes.
Nomusa barely misses bahustanut's ghost.
Nomusa hits the basilisk with a +0 broad axe of flaming!
Nomusa burns the basilisk!
The basilisk dies!
Flames lash the great orb of eyes.
The great orb of eyes is burned terribly!
You kill the great orb of eyes!
Bahustanut's ghost hits you!
Flames lash the wyvern.
The wyvern is heavily wounded.
The wyvern's fire resistance burns away.
The wyvern bites you.
Nomusa closely misses bahustanut's ghost.
Nomusa barely misses the wyvern.
Bahustanut's ghost hits you!!
You are too injured to fight recklessly!
The acid dragon bites Nomusa but does no damage.
The acid dragon claws Nomusa but does no damage.
Bahustanut's ghost attacks as it pursues you!
Bahustanut's ghost barely misses you.
The acid dragon bites Nomusa.
Nomusa blocks the acid dragon's attack.
Nomusa hits the boulder beetle but does no damage.
Nomusa hits the acid dragon with a +0 broad axe of flaming!
Nomusa burns the acid dragon.
Nomusa closely misses the wyvern.
The wyvern bites Nomusa but does no damage.
Nomusa blocks the acid dragon's attack. x2
Bahustanut's ghost attacks as it pursues you!
Bahustanut's ghost hits you!!!
* * * LOW HITPOINT WARNING * * *
There is an open door here.
The boulder beetle curls into a ball and begins rolling!
Bahustanut's ghost attacks as it pursues you!
Bahustanut's ghost hits you!!
You die...

# #.##.## ##..'$.$$8# ##.##
###.#...###...'$_8.∩#####...##
..........R+..'$$$$8#+....<..#
.##......###Dl#$..$.#####.#.##
.........# #.B##∩8∩## ##..#
########.# ###.##### #####.##
#.# ##...# #.^....#
###.#######W######.###..#
#...<...###@#...##.###..#
#.#.#...........##......#
#.#...#.###.#...##..###.#
#.#####.##...#.###..# #.#
#.#####.#......# #..###.#
#.......##...#.###......#
###########.##......#####
###.###..#### ###..#..##.##


You could see a boulder beetle (rolling), a wyvern, an acid dragon and
bahustanut's ghost.

Vanquished Creatures
  Rupert (Lair:4)
  Gastronok (Lair:2)
  A great orb of eyes (D:10)
  Erolcha (D:9)
  Fannar (D:11)
  2 hydras
  A boulder beetle (Lair:1)
  4 two-headed ogres
  7 death yaks
  Urug (Lair:3)
  A skyshark (Lair:4)
  2 orc knights
  5 orc sorcerers (Orc:2)
  An ugly thing (Lair:5)
  A manticore (D:6)
  2 merfolk sirens (Lair:3)
  4 elephants
  2 black mambas
  Maurice (D:11)
  A gargoyle (D:11)
  12 cane toads
  A rime drake (Lair:1)
  2 unseen horrors
  6 komodo dragons
  2 polar bears
  A merfolk (Lair:3)
  A troll (D:6)
  A raiju (Lair:5)
  27 blink frogs
  A slime creature (Lair:5)
  A jumping spider (shapeshifter) (D:3)
  A yak (shapeshifter) (Lair:5)
  3 wyverns
  34 yaks
  4 wraiths
  5 basilisks
  A ynoxinul (Lair:5)
  3 chaos spawn (Lair:5)
  4 vampire mosquitoes (D:5)
  2 steam dragons
  3 wargs
  The ghost of Gelion the Changeling, an amateur OpSh (D:4)
  A large abomination (Lair:5)
  An acid dragon (D:10)
  7 small abominations
  11 water moccasins
  7 ice beasts
  A black bear (Lair:3)
  A sky beast (D:6)
  21 orc warriors
  9 wolves
  6 ogres
  4 centaurs
  A phantom (D:5)
  8 bullfrogs
  2 gnoll sergeants
  3 scorpions (D:5)
  3 killer bees (D:9)
  5 electric eels
  5 howler monkeys
  2 gnoll boudas
  2 hounds
  18 orc priests
  3 jellies
  2 hell rats (Lair:4)
  25 orc wizards
  5 sleepcaps (D:7)
  4 iguanas
  2 human simulacra (D:10)
  23 gnolls
  10 adders
  8 river rats (Lair:4)
  A shadow imp (D:5)
  A white imp (D:7)
  An ufetubus (D:5)
  A worm (D:4)
  4 dart slugs
  71 orcs
  11 ball pythons
  2 bats
  11 endoplasms
  3 giant cockroaches
  5 goblins
  3 hobgoblins
  2 jackals (D:2)
  4 kobolds
  5 quokkas
  4 frilled lizards
  12 rats
497 creatures vanquished.

Vanquished Creatures (collateral kills)
  Snorg (D:11)
  2 hydras (Lair:4)
  2 two-headed ogres (D:11)
  7 death yaks
  An orc high priest (Orc:2)
  2 thrashing horrors (Lair:5)
  An orc knight (Orc:1)
  A cyclops (D:7)
  An orc sorcerer (Orc:2)
  An elephant (D:8)
  5 cane toads
  A smoke demon (Lair:5)
  A komodo dragon (Lair:3)
  A polar bear (Lair:3)
  A merfolk (Lair:3)
  2 trolls
  A raiju (Lair:5)
  10 blink frogs
  A slime creature (Lair:5)
  A wraith (D:11)
  12 yaks
  A large abomination (Lair:5)
  A chaos spawn (Lair:5)
  2 basilisks
  The ghost of cforsyth the Trooper, an amateur DjCK of Xom (D:3)
  2 wargs (Orc:2)
  A water moccasin (Lair:3)
  7 orc warriors
  A black bear (D:8)
  3 wolves (Lair:2)
  3 ogres
  A bullfrog (Lair:2)
  A scorpion (D:5)
  6 small abominations (Lair:5)
  A howler monkey (D:5)
  4 lava snakes (Lair:1)
  A gnoll bouda (D:9)
  7 orc priests (Orc:2)
  10 orc wizards
  5 gnolls
  2 adders
  2 river rats (Lair:4)
  21 orcs
138 creatures vanquished.

Vanquished Creatures (others)
  A bullfrog (D:8)
  A hound (D:7)
  17 knights
  A gnoll (D:2)
  4 ancestors
  An orc (Orc:2)
  9 ball lightnings
34 creatures vanquished.

Grand Total: 669 creatures vanquished

Notes
Turn   | Place    | Note
-------+----------+-------------------------------------------
     0 | D:1      | cforsyth the Djinni Chaos Knight began the quest for the
                  | Orb.
     0 | D:1      | Reached XP level 1. HP: 20/20 MP: 0/0
   103 | D:1      | XOM: silly message
   223 | D:1      | Reached XP level 2. HP: 23/25 MP: 0/0
   256 | D:1      | XOM: silly message
   339 | D:1      | XOM: divination: detect creatures
   555 | D:1      | Reached skill level 1 in Spellcasting
   555 | D:1      | Reached skill level 1 in Conjurations
   555 | D:1      | Reached skill level 1 in Hexes
   555 | D:1      | Reached skill level 1 in Summonings
   555 | D:1      | Reached skill level 1 in Necromancy
   555 | D:1      | Reached skill level 1 in Translocations
   555 | D:1      | Reached skill level 1 in Transmutations
   555 | D:1      | Reached skill level 1 in Fire Magic
   555 | D:1      | Reached skill level 1 in Ice Magic
   555 | D:1      | Reached skill level 1 in Air Magic
   555 | D:1      | Reached skill level 1 in Earth Magic
   555 | D:1      | Reached skill level 1 in Poison Magic
   797 | D:1      | Reached XP level 3. HP: 26/30 MP: 0/0
   797 | D:1      | Learned a level 1 spell: Summon Small Mammal
   933 | D:2      | XOM: potion effect (might)
  1119 | D:2      | Reached XP level 4. HP: 34/37 MP: 0/0
  1300 | D:2      | Found Looseykk's Jewellery Shop.
  1332 | D:2      | Reached skill level 4 in Fighting
  1819 | D:3      | XOM: confuse monster(s)
  1821 | D:2      | XOM: noise
  2218 | D:3      | XOM: silly message
  2241 | D:2      | XOM: enchant monster (bad)
  2244 | D:2      | XOM: cast spell 'Summon Cactus Giant'
  2255 | D:2      | XOM: destruction
  2256 | D:2      | Reached XP level 5. HP: 9/41 MP: 0/0
  2256 | D:2      | Learned a level 2 spell: Scorch
  2826 | D:3      | Found a large runed translucent door.
  2826 | D:3      | Found a large runed translucent door.
  2849 | D:3      | Noticed cforsyth's ghost (amateur DjCK)
  2961 | D:3      | Found the +4 Cigotuvi's embrace {Corpsefed rMiasma Drain
                  | rN+}
  3027 | D:3      | Found a bloodstained altar of Trog.
  3314 | D:4      | Noticed an ogre
  3317 | D:4      | Reached XP level 6. HP: 45/49 MP: 0/0
  3318 | D:4      | XOM: 5-stop teleportation journey
  3347 | D:4      | Reached skill level 5 in Fighting
  3368 | D:4      | XOM: give mutations
  3368 | D:4      | Gained mutation: You passively map a small area around you.
                  | [Xom's mischief]
  3368 | D:4      | Gained mutation: You are weak. (Str -2) [Xom's mischief]
  3523 | D:3      | a hound changed into a shapeshifter
  3523 | D:3      | Noticed a shapeshifter (shapeshifter)
  3523 | D:3      | XOM: polymorph hound -> shapeshifter
  3523 | D:3      | a shapeshifter changed into a komodo dragon
  3523 | D:3      | Noticed a komodo dragon (shapeshifter)
  3527 | D:3      | a komodo dragon changed into a jumping spider
  3527 | D:3      | Noticed a jumping spider (shapeshifter)
  3529 | D:3      | Killed a jumping spider
  3530 | D:3      | Reached XP level 7. HP: 39/54 MP: 0/0
  3530 | D:3      | Learned a level 2 spell: Blink
  3672 | D:3      | XOM: silly message
  3838 | D:2      | XOM: divination: detect creatures
  3915 | D:4      | XOM: potion effect (brilliance)
  3974 | D:4      | XOM: potion effect (haste)
  4009 | D:4      | XOM: give mutations
  4009 | D:4      | Lost mutation: You are weak. (Str -2) [Xom's mischief]
  4009 | D:4      | Gained mutation: You occasionally lose the ability to read
                  | scrolls when taking damage. [Xom's mischief]
  4009 | D:4      | Gained mutation: You have hidden genetic potential. [Xom's
                  | mischief]
  4057 | D:4      | Found a staircase to the Ecumenical Temple.
  4071 | Temple   | Entered the Ecumenical Temple
  4077 | Temple   | Fell from the grace of Xom
  4077 | Temple   | Became a worshipper of Hepliaklqana the Forgotten
  4167 | D:3      | Reached skill level 6 in Fighting
  4931 | D:4      | Found a transporter.
  5166 | D:5      | Entered Level 5 of the Dungeon
  5220 | D:4      | XOM: scenery: 2 doors close
  5625 | D:5      | XOM: scenery: create altars
  5681 | D:5      | Identified the +2 robe "Cuufytt" {rN+ Dex+3 Slay-5 Stlth+}
  5732 | D:5      | Found a transporter.
  5732 | D:5      | Found Docwiew's Distillery.
  5784 | D:5      | Reached XP level 8. HP: 32/62 MP: 0/0
  5862 | D:5      | XOM: give mutations
  5862 | D:5      | Lost mutation: You have hidden genetic potential. [Xom's
                  | mischief]
  5890 | D:5      | Reached * piety under Hepliaklqana
  5927 | D:5      | Found a snail-covered altar of Cheibriados.
  5973 | D:5      | Reached skill level 7 in Fighting
  6114 | D:5      | Found a sparkling altar of Nemelex Xobeh.
  6152 | D:5      | Reached skill level 5 in Spellcasting
  6152 | D:5      | Reached skill level 5 in Conjurations
  6152 | D:5      | Reached skill level 5 in Hexes
  6152 | D:5      | Reached skill level 5 in Summonings
  6152 | D:5      | Reached skill level 5 in Necromancy
  6152 | D:5      | Reached skill level 5 in Translocations
  6152 | D:5      | Reached skill level 5 in Transmutations
  6152 | D:5      | Reached skill level 5 in Fire Magic
  6152 | D:5      | Reached skill level 5 in Ice Magic
  6152 | D:5      | Reached skill level 5 in Air Magic
  6152 | D:5      | Reached skill level 5 in Earth Magic
  6152 | D:5      | Reached skill level 5 in Poison Magic
  6230 | D:5      | Reached skill level 8 in Fighting
  6230 | D:5      | Reached XP level 9. HP: 59/63 MP: 0/0
  6230 | D:5      | Learned a level 3 spell: Dazzling Flash
  6476 | D:5      | Killed an unseen horror
  6568 | D:5      | Reached skill level 9 in Fighting
  6856 | D:5      | XOM: summons 12 hostile demons
  7159 | D:5      | XOM: give mutation
  7159 | D:5      | Lost mutation: You passively map a small area around you.
                  | [Xom's mischief]
  7248 | D:5      | Found a transporter.
  7448 | D:5      | XOM: summons 1 hostile demon
  7563 | D:5      | XOM: give mutations
  7563 | D:5      | Gained mutation: You have hidden genetic potential. [Xom's
                  | grace]
  7563 | D:5      | Gained mutation: You have sharp fingernails. [Xom's grace]
  7696 | D:6      | XOM: noise
  7821 | D:6      | XOM: give mutation
  7821 | D:6      | Gained mutation: Your mind is acute. (Int +4, Str/Dex -1)
                  | [Xom's mischief]
  8076 | D:6      | Noticed a manticore
  8083 | D:6      | Killed a manticore
  8084 | D:6      | Reached XP level 10. HP: 62/72 MP: 0/0
  8174 | D:6      | Reached skill level 10 in Fighting
  8347 | D:6      | XOM: noise
  8470 | D:6      | Reached ** piety under Hepliaklqana
  8471 | D:6      | Remembered your ancestor Nomusa as a knight
  8765 | D:7      | Gained mutation: Your spells are a little harder to cast,
                  | but a little more powerful. [hidden potential]
  8798 | D:7      | XOM: 3-stop teleportation journey
  8800 | D:7      | Noticed a cyclops
  8809 | D:7      | Killed a cyclops
  8907 | D:7      | Identified the +8 hand axe of the Valley of Death {flame,
                  | Str+3}
  9452 | D:7      | Reached skill level 11 in Fighting
  9694 | D:7      | XOM: give mutation
  9694 | D:7      | Gained mutation: You are agile. (Dex +4, Str/Int -1) [Xom's
                  | mischief]
 10028 | D:8      | Found a flagged portal.
 10047 | Bailey   | Entered a bailey
 10598 | Bailey   | Noticed an orc knight
 10604 | Bailey   | Reached XP level 11. HP: 26/78 MP: 0/0
 10604 | Bailey   | Learned a level 4 spell: Cause Fear
 10898 | Bailey   | XOM: polymorph orc -> gnoll
 11193 | Bailey   | Killed an orc knight
 11575 | D:8      | XOM: noise
 11601 | D:8      | Gained mutation: You are strong-willed. (Will+) [hidden
                  | potential]
 11601 | D:8      | Lost mutation: You have hidden genetic potential. [hidden
                  | potential expressed]
 11726 | D:8      | Reached *** piety under Hepliaklqana
 11765 | D:8      | Found a staircase to the Lair.
 11779 | D:7      | Reached skill level 12 in Fighting
 12035 | D:8      | XOM: summons 1 hostile shadow creature
 12036 | D:8      | Noticed a two-headed ogre
 12094 | D:8      | Identified the +0 leather armour of Fortitude {rF++ rN+
                  | Slay+2}
 12528 | D:8      | XOM: noise
 12739 | D:9      | Noticed Erolcha
 12770 | D:9      | Killed Erolcha
 13115 | D:9      | XOM: noise
 13194 | D:9      | Found a staircase to the Orcish Mines.
 13435 | D:9      | XOM: silly message
 13435 | D:9      | Was forgiven by Xom
 13610 | D:10     | Entered Level 10 of the Dungeon
 13839 | D:10     | Found a runed translucent gate.
 13839 | D:10     | Found a runed translucent gate.
 13839 | D:10     | Found a runed translucent gate.
 13840 | D:10     | Found an opulent altar of Gozag.
 13840 | D:10     | Noticed a boulder beetle
 13841 | D:10     | Noticed bahustanut's ghost (journeyman OgGl)
 13841 | D:10     | Noticed a great orb of eyes
 13842 | D:10     | Found Fekhlaeta's Assorted Antiques.
 13896 | D:10     | Reached **** piety under Hepliaklqana
 14036 | D:10     | Reached skill level 1 in Shields
 14071 | D:10     | Noticed a two-headed ogre
 14076 | D:10     | Killed a two-headed ogre
 14077 | D:10     | Reached skill level 13 in Fighting
 14561 | D:10     | Found an ornate altar of the Wu Jian Council.
 14783 | D:11     | Noticed Fannar
 14784 | D:11     | Noticed a two-headed ogre
 14952 | D:11     | Noticed a two-headed ogre
 14958 | D:11     | Killed a two-headed ogre
 14959 | D:11     | Reached XP level 12. HP: 86/88 MP: 0/0
 15112 | D:11     | Killed Fannar
 15301 | D:11     | Noticed Snorg
 15355 | D:11     | Noticed a two-headed ogre
 15441 | D:11     | Killed Snorg
 15501 | D:11     | Killed a two-headed ogre
 15510 | D:11     | Noticed Maurice
 15522 | D:11     | Killed Maurice
 15564 | D:11     | Killed a two-headed ogre
 15565 | D:11     | Reached skill level 5 in Shields
 15565 | D:11     | Reached skill level 10 in Spellcasting
 15565 | D:11     | Reached skill level 10 in Conjurations
 15565 | D:11     | Reached skill level 10 in Hexes
 15565 | D:11     | Reached skill level 10 in Summonings
 15565 | D:11     | Reached skill level 10 in Necromancy
 15565 | D:11     | Reached skill level 10 in Translocations
 15565 | D:11     | Reached skill level 10 in Transmutations
 15565 | D:11     | Reached skill level 10 in Fire Magic
 15565 | D:11     | Reached skill level 10 in Ice Magic
 15565 | D:11     | Reached skill level 10 in Air Magic
 15565 | D:11     | Reached skill level 10 in Earth Magic
 15565 | D:11     | Reached skill level 10 in Poison Magic
 15566 | D:11     | Reached skill level 14 in Fighting
 15566 | D:11     | Reached XP level 13. HP: 92/95 MP: 0/0
 15566 | D:11     | Learned a level 5 spell: Silence
 16212 | D:3      | Killed cforsyth's ghost
 16331 | Lair:1   | Entered Level 1 of the Lair of Beasts
 16647 | Lair:1   | Reached skill level 15 in Fighting
 16906 | D:8      | Reached XP level 14. HP: 57/102 MP: 0/0
 18808 | Lair:2   | Noticed Gastronok
 18931 | Lair:2   | Killed Gastronok
 19245 | Lair:1   | Reached skill level 16 in Fighting
 20869 | Lair:3   | Found a hole to the Spider Nest.
 20966 | Lair:3   | Reached ***** piety under Hepliaklqana
 21076 | Lair:3   | Found a staircase to the Shoals.
 21359 | Lair:3   | Noticed Urug
 21368 | Lair:3   | Killed Urug
 21954 | Lair:4   | Noticed Rupert
 22318 | Lair:4   | Reached XP level 15. HP: 98/110 MP: 0/0
 22318 | Lair:4   | Learned a level 6 spell: Conjure Ball Lightning
 22375 | Lair:4   | Reached skill level 17 in Fighting
 23068 | Lair:4   | Killed Rupert
 23607 | Lair:5   | Entered Level 5 of the Lair of Beasts
 23778 | Lair:5   | Lost mutation: You have sharp fingernails. [potion of
                  | mutation]
 23778 | Lair:5   | Lost mutation: You are agile. (Dex +4, Str/Int -1) [potion
                  | of mutation]
 23778 | Lair:5   | Lost mutation: Your mind is acute. (Int +4, Str/Dex -1)
                  | [potion of mutation]
 23778 | Lair:5   | Gained mutation: Your spells are harder to cast, but more
                  | powerful. [potion of mutation]
 23779 | Lair:5   | Lost mutation: Your spells are harder to cast, but more
                  | powerful. [potion of mutation]
 23779 | Lair:5   | Lost mutation: You occasionally lose the ability to read
                  | scrolls when taking damage. [potion of mutation]
 23779 | Lair:5   | Gained mutation: You are agile. (Dex +4, Str/Int -1)
                  | [potion of mutation]
 23779 | Lair:5   | Gained mutation: You passively dampen the noise of your
                  | surroundings. [potion of mutation]
 23779 | Lair:5   | Gained mutation: You do not regenerate when monsters are
                  | visible. [potion of mutation]
 23779 | Lair:5   | Gained mutation: You possess an exceptional clarity of
                  | mind. [potion of mutation]
 23780 | Lair:5   | Lost mutation: Your spells are a little harder to cast, but
                  | a little more powerful. [potion of mutation]
 23780 | Lair:5   | Lost mutation: You do not regenerate when monsters are
                  | visible. [potion of mutation]
 23780 | Lair:5   | Gained mutation: You are somewhat resistant to further
                  | mutation. [potion of mutation]
 23897 | Lair:5   | Found a staircase to the Slime Pits.
 23897 | Lair:5   | Found a viscous altar of Jiyva.
 24547 | Lair:5   | Reached skill level 18 in Fighting
 24929 | Lair:5   | Found a corrupted altar of Lugonu.
 24929 | Lair:5   | Found a one-way gate to the infinite horrors of the Abyss.
 25242 | Orc:1    | Entered Level 1 of the Orcish Mines
 25930 | Orc:2    | Entered Level 2 of the Orcish Mines
 26104 | Orc:2    | Found a staircase to the Elven Halls.
 26243 | Orc:2    | Reached XP level 16. HP: 100/120 MP: 0/0
 26670 | Orc:2    | Found Qoarph's Magic Scroll Shop.
 26670 | Orc:2    | Found Imaefu's Magic Scroll Boutique.
 26675 | Orc:2    | Found Hiacvept's Armour Boutique.
 26707 | Orc:2    | Found Pozxom's Weapon Shop.
 26709 | Orc:2    | Bought a scroll of acquirement for 728 gold pieces
 26709 | Orc:2    | Acquired 525 gold pieces
 27565 | D:4      | Found a transporter.
 27576 | D:4      | Noticed Gelion's ghost (amateur OpSh)
 27587 | D:4      | Killed Gelion's ghost
 27808 | D:10     | Slain by bahustanut's ghost

Illustrated notes

Levels and vault maps discovered:
D:1:      minmay_arrival_diagonal_passages, layout_basic
D:2:      layout_basic, serial_shops, nicolae_shop_crystal, minmay_pentomino_u2
D:3:      layout_rooms, general_overflow_altar, ebering_ghost_disaster_area,
          hangedman_glass_teeth
D:4:      layout_gridville, minmay_temple_entry_glassed_door,
          gammafunk_ghost_abyssal_escape, moated_statue
D:5:      layout_basic, nemelex_spade_bored_becter,
          mainiacjoe_overflow_boulevard, serial_shops, nicolae_shop_drivethru,
          nzn_random_ring
D:6:      layout_basic, kb_rosetta
D:7:      layout_loops_corners
D:8:      layout_loops_ring, mainiacjoe_overflow_24_doors, david_lair_generic,
          enter_bailey_2, lemuel_flamethrower_2
D:9:      layout_roguey, hiddenorc1_lemuel, minmay_liquid_box, uniq_erolcha
D:10:     layout_loops_corners, nicolae_wu_jian_glorious_leap,
          ebering_ghost_gozag, hex_large, bh_circular_ruins
D:11:     layout_basic, uniq_snorg, uniq_maurice, uniq_fannar
Temple:   sentei_temple_godly_chess
Lair:1:   layout_loops_ring, nicolae_lair_liquid_snakes, grunt_megastairs_4
Lair:2:   layout_chaotic_city, uniq_gastronok
Lair:3:   layout_regular_city, elwin_shoals_entry_stream, dummy_spider_entry,
          serial_bayou_shore_b, uniq_urug
Lair:4:   layout_long_grid, kennysheep_rathole, infiniplex_staircase_pool_2,
          uniq_rupert
Lair:5:   hellmonk_lair_end_abyssal_woods, layout_regular_city,
          minmay_slime_entry_pillars, nicolae_lair_lil_pond, lemuel_fruit_tree
Orc:1:    layout_caves
Orc:2:    st_orc_mages, layout_caves

Skill      XL: |  1  2  3  4  5  6  7  8  9 10 11 12 13 14 15 |
---------------+----------------------------------------------+-----
Spellcasting   | 1 2 3 4 5 6 8 9 10 11 12 13 | 13.8
Conjurations   | 1 2 3 4 5 6 8 9 10 11 12 13 | 13.8
Hexes          | 1 2 3 4 5 6 8 9 10 11 12 13 | 13.8
Summonings     | 1 2 3 4 5 6 8 9 10 11 12 13 | 13.8
Necromancy     | 1 2 3 4 5 6 8 9 10 11 12 13 | 13.8
Translocations | 1 2 3 4 5 6 8 9 10 11 12 13 | 13.8
Transmutations | 1 2 3 4 5 6 8 9 10 11 12 13 | 13.8
Fire Magic     | 1 2 3 4 5 6 8 9 10 11 12 13 | 13.8
Ice Magic      | 1 2 3 4 5 6 8 9 10 11 12 13 | 13.8
Air Magic      | 1 2 3 4 5 6 8 9 10 11 12 13 | 13.8
Earth Magic    | 1 2 3 4 5 6 8 9 10 11 12 13 | 13.8
Poison Magic   | 1 2 3 4 5 6 8 9 10 11 12 13 | 13.8
Fighting       | 4 5 6 8 9 11 13 14 15 16 18 | 18.7
Shields        | 2 7 8 |  8.0
Long Blades    | |  2.6
Armour         | |  1.0
Dodging        | |  2.1

Action                     |  1- 3 |  4- 6 |  7- 9 | 10-12 | 13-15 | 16-18 || total
---------------------------+-------+-------+-------+-------+-------+-------++-------
  Melee: Falchion          |    86 |    69 |    12 |     7 |       |       ||   174
         Punch             |     1 |       |       |     4 |       |       ||     5
         Hand axe          |       |       |       |   101 |    81 |     2 ||   184
   Cast: Summon Small Mamm |       |     4 |     3 |     5 |       |       ||    12
         Scorch            |       |    51 |   169 |   306 |   806 |   135 ||  1467
         Blink             |       |       |     1 |     1 |     4 |       ||     6
         Dazzling Flash    |       |       |     1 |     4 |     8 |       ||    13
         Cause Fear        |       |       |       |     4 |    15 |       ||    19
         Silence           |       |       |       |       |     1 |       ||     1
         Conjure Ball Ligh |       |       |       |       |     3 |       ||     3
 Invoke: Recall Ancestor   |       |       |       |     5 |    12 |       ||    17
         Ancestor Life: Kn |       |       |       |     1 |       |       ||     1
  Evoke: Wand              |       |       |       |       |    16 |       ||    16
    Use: Scroll            |       |     1 |       |    16 |     1 |     4 ||    22
         Potion            |       |       |       |     2 |     3 |       ||     5
 Armour: Leather armour    |    46 |   112 |   127 |   223 |   441 |    33 ||   982
  Dodge: Dodged            |    55 |    80 |    86 |   161 |   200 |    13 ||   595
  Block: Kite shield       |       |       |       |    17 |   253 |    23 ||   293

Table legend: (Time is in decaauts)
 A = Elapsed time spent in this place.
 B = Non-inter-level travel time spent in this place.
 C = Inter-level travel time spent in this place.
 D = Time resting spent in this place.
 E = Time spent auto-exploring this place.
 F = Levels seen in this place.
 G = Mean time per level.
                   A        B        C        D        E       F      G
               +--------+--------+--------+--------+--------+-----+--------+
         Total |  27953 |  26360 |   1593 |   5415 |  15449 |  20 | 1397.7 |
       Dungeon |  16695 |  15468 |   1227 |   3607 |   8992 |  11 | 1517.7 |
        Temple |     12 |      6 |      6 |      0 |      0 |   1 |   12.0 |
          Lair |   8026 |   7747 |    279 |   1118 |   4774 |   5 | 1605.2 |
  Orcish Mines |   1740 |   1660 |     80 |    445 |    747 |   2 |  870.0 |
        Bailey |   1477 |   1477 |      0 |    245 |    935 |   1 | 1477.0 |
               +--------+--------+--------+--------+--------+-----+--------+

Top non-repeatable levels by time:
  Lair:1: 2716 daAuts
     D:5: 2162 daAuts
  Lair:3: 1888 daAuts
     D:7: 1835 daAuts
     D:3: 1818 daAuts
    D:10: 1756 daAuts
     D:2: 1654 daAuts
     D:4: 1570 daAuts
     D:9: 1569 daAuts
     D:8: 1507 daAuts
  Bailey: 1477 daAuts
  Lair:5: 1417 daAuts
  Lair:4: 1092 daAuts
     D:6: 1082 daAuts
   Orc:2: 1005 daAuts
